 Dungeon Crawl Stone Soup version 0.27-a0-414-gbb19ded6d3 (webtiles) character file.

Game seed: 13399082385236631836

5807 tilp the Martial Artist (level 10, -6/81 HPs)
             Began as an Octopode Transmuter on Feb 24, 2021.
             Was a Believer of Okawaru.
             Killed from afar by a gargoyle (21 damage)
             ... with a stone arrow
             ... on level 9 of the Dungeon.
             The game lasted 00:24:46 (17651 turns).

tilp the Martial Artist (Octopode Transmuter)      Turns: 17651, Time: 00:24:46

Health: -6/81      AC:  6    Str: 11    XL:     10   Next: 79%
Magic:  16/16      EV: 12    Int: 18    God:    Okawaru [**....]
Gold:   233        SH:  0    Dex: 12    Spells: 7/17 levels left

rFire    x . .     SeeInvis .     - Unarmed
rCold    + + +     Faith    .   (shield currently unavailable)
rNeg     + . .     Spirit   .   (helmet currently unavailable)
rPois    +         Reflect  .   (no amulet)
rElec    .         Harm     .   d - ring of positive energy
rCorr    .         Rampage  .   C - ring of poison resistance
Will     .....                  (no ring)
Stlth    ++........             (no ring)
HPRegen  0.23/turn              (no ring)
MPRegen  0.15/turn              (no ring)
                                (no ring)
                                (no ring)

@: ice-form
A: large, almost no armour, stealthy swim, amphibious, 8 rings, (constrict 8)
a: End Transformation, Renounce Religion, Heroism


You were on level 9 of the Dungeon.
You worshipped Okawaru.
Okawaru was pleased with you.
You were a creature of crystalline ice.
You visited 2 branches of the dungeon, and saw 10 of its levels.
You also visited: Sewer.

You collected 437 gold pieces.
You spent 204 gold pieces at shops.

Inventory:

Missiles
 b - 7 atropa-tipped darts
 k - 10 javelins
 o - 20 poisoned darts (quivered)
 z - a throwing net {!f}
 B - 7 boomerangs
Armour
 e - a +0 kite shield
 E - a +2 hat (melded)
Jewellery
 d - a ring of positive energy (left front paw)
 C - a ring of poison resistance (right front paw)
Wands
 c - a wand of acid (15)
 m - a wand of digging (7)
 r - a wand of polymorph (5)
 x - a wand of paralysis (9)
 A - a wand of iceblast (7)
Scrolls
 a - 3 scrolls of immolation
 i - 3 scrolls of fog
 j - a scroll of magic mapping
 u - a scroll of amnesia
Potions
 f - 3 potions of magic
 g - a potion of berserk rage
 h - a potion of brilliance
 q - 6 potions of curing
 t - a potion of cancellation
 D - a potion of attraction {unknown}


   Skills:
 - Level 6.0 Fighting
 - Level 6.0 Dodging
 - Level 4.0 Stealth
 - Level 8.0 Unarmed Combat
 - Level 4.0 Spellcasting
 + Level 7.4 Transmutations
 - Level 2.0 Ice Magic
 - Level 2.0 Poison Magic
 - Level 6.0 Invocations
 - Level 4.0 Evocations


You had 7 spell levels left.
You knew the following spells:

 Your Spells              Type           Power        Failure   Level
a - Beastly Appendage     Tmut           60%          1%          1
b - Wereblood             Tmut           30%          1%          2
c - Spider Form           Tmut/Pois      10%          6%          3
d - Ice Form              Ice/Tmut       20%          22%         4

Your spell library contained the following spells:

 Spells                   Type           Power        Failure   Level
 Blade Hands              Tmut           15%          19%         5


Dungeon Overview and Level Annotations

Branches:
Dungeon (9/15)             Temple (1/1) D:5            Lair (0/6) D:8
  Sewer (visited)
    Orc: D:9-12

Altars:
Ashenzari
Cheibriados
Dithmenos
Elyvilon
Fedhas
Gozag
Hepliaklqana
Kikubaaqudgha
Makhleb
Nemelex Xobeh
Okawaru
Qazlal
Ru
Sif Muna
Trog
Uskayaw
Vehumet
Xom
Yredelemnul
Zin
The Shining One

Shops:
D:6 *   D:7 =

Annotations:
D:5 exclusions: centaur and two-headed ogre
D:6 exclusions: orc warrior and orc wizard, Edmund


Innate Abilities, Weirdness & Mutations

You cannot wear most types of armour.
You are very stealthy in the water. (Stealth+)
You are amphibious.
You can wear up to eight rings at the same time.
((You can use your tentacles to constrict eight enemies at once.))
((Your skin changes colour to match your surroundings (Stealth+).))
((Your rubbery body absorbs attacks. (AC +1, EV +1)))


Message History

Okawaru accepts your kill.
You hit the gargoyle but do no damage.
The gargoyle hits you with a +1 flail of holy wrath.
You hit the gargoyle but do no damage. You hit the gargoyle but do no damage.
The gargoyle hurls a stone arrow at you.
The stone arrow hits you!
You hit the gargoyle but do no damage.
You howl as the wereblood boils in your veins!
The gargoyle hits you with a +1 flail of holy wrath!
* * * LOW HITPOINT WARNING * * *
You hit the gargoyle but do no damage.
The gargoyle hits you with a +1 flail of holy wrath!
* * * LOW HITPOINT WARNING * * *
Unknown command.
There is an open door here.
You close the door.
A gargoyle opens the door.
You close the door.
A gargoyle opens the door.
You close the door.
A gargoyle opens the door.
You close the door.
A gargoyle opens the door.
You close the door.
A gargoyle opens the door.
Okay, then.
Okay, then.
The gargoyle hurls a stone arrow at you.
The stone arrow misses you.
Your primal bloodlust is almost over.
There is an open door here.
You howl as the wereblood boils in your veins!
Which direction?
You close the door.
Something unseen opens the door.
Which direction?
You close the door.
Something unseen opens the door.
Okay, then.
Your primal bloodlust has ended.
There is an open door here.
You close the door.
Something unseen opens the door.
The gargoyle hurls a stone arrow at you.
The stone arrow hits you!!
You die...

### ..# ##############
####.## #............#
......# ###............+
......# #.'............#
......###.#............#
......#...#.....Y......#
........###........9...#
......### #............#
###.### ###########'##
#[# #...# #.#
#######9#### #+#
#..........#
#..........# ##+####
#...(......# #......


You could see a gargoyle.

Vanquished Creatures
  2 two-headed ogres (D:8)
  Pikel (D:7)
  A troll (D:8)
  Duvessa (D:7)
  An orc warrior (D:8)
  An ice beast (D:6)
  4 wolves (D:8)
  2 sky beasts
  2 ogres
  4 centaurs
  A lemure (D:7)
  2 phantoms
  A wyvern zombie (D:8)
  The ghost of Inkie the Vexing, an amateur FeEn of Cheibriados (D:3)
  2 bullfrogs (D:8)
  2 scorpions
  Dowan (D:7)
  4 killer bees (D:8)
  A howler monkey (D:5)
  22 wights
  An electric eel (D:8)
  2 bullfrog zombies
  A bullfrog skeleton (D:7)
  4 hounds
  A jelly (D:6)
  An orc priest (D:7)
  4 iguanas
  Crazy Yiuf (D:2)
  2 orc wizards
  Natasha (twice) (D:2)
  2 worker ants
  3 killer bee zombies
  6 gnolls
  5 adders
  A shadow imp (D:7)
  A white imp (D:6)
  2 ufetubi
  2 oozes
  2 adder zombies
  An adder skeleton (D:5)
  3 worms
  2 dart slugs (D:1)
  6 leopard geckos
  4 orcs
  9 bats
  12 giant cockroaches
  4 goblins
  11 hobgoblins
  12 jackals
  7 kobolds
  4 quokkas
  5 ball pythons
  20 frilled lizards
  2 leopard gecko skeletons (D:3)
  16 rats
217 creatures vanquished.

Vanquished Creatures (others)
  2 jackals (D:4)
  A quokka (D:4)
3 creatures vanquished.

Grand Total: 220 creatures vanquished

Notes
Turn   | Place    | Note
-------+----------+-------------------------------------------
     0 | D:1      | tilp the Octopode Transmuter began the quest for the Orb.
     0 | D:1      | Reached XP level 1. HP: 13/13 MP: 3/3
   146 | D:1      | Reached skill level 1 in Stealth
   364 | D:1      | Reached XP level 2. HP: 15/18 MP: 5/5
   407 | D:1      | Learned a level 2 spell: Wereblood
   785 | D:1      | Reached XP level 3. HP: 23/23 MP: 3/6
  1532 | D:2      | Found an opulent altar of Gozag.
  1872 | D:2      | Noticed a sky beast
  1876 | D:2      | Reached XP level 4. HP: 24/29 MP: 5/7
  2778 | D:2      | Noticed Natasha
  2785 | D:2      | Killed Natasha
  3156 | D:2      | Found a runed translucent door.
  3157 | D:2      | Noticed Crazy Yiuf
  3391 | D:2      | Reached XP level 5. HP: 35/35 MP: 8/8
  3532 | D:3      | Found a glowing drain.
  3566 | Sewer    | Entered a sewer
  3592 | Sewer    | Reached skill level 4 in Unarmed Combat
  4531 | D:3      | Found a runed translucent gate.
  4533 | D:3      | Found a runed translucent gate.
  4533 | D:3      | Found a runed translucent gate.
  4541 | D:3      | Noticed Inkie's ghost (amateur FeEn)
  4755 | D:3      | HP: 1/32 [wight/+4 spear (6)]
  4758 | D:3      | Reached XP level 6. HP: 1/42 MP: 6/9
  5169 | D:3      | Reached skill level 5 in Unarmed Combat
  6109 | D:4      | Reached XP level 7. HP: 17/48 MP: 10/10
  6324 | D:4      | Reached skill level 6 in Unarmed Combat
  6422 | D:4      | Found a white marble altar of Elyvilon.
  6835 | D:5      | Entered Level 5 of the Dungeon
  6846 | D:5      | Reached skill level 1 in Evocations
  6876 | D:5      | Found a staircase to the Ecumenical Temple.
  6890 | D:5      | Noticed a two-headed ogre
  6893 | Temple   | Entered the Ecumenical Temple
  7106 | D:5      | Found a radiant altar of Vehumet.
  7109 | D:5      | Found a basalt altar of Yredelemnul.
  7219 | D:5      | Found a sparkling altar of Nemelex Xobeh.
  7455 | D:5      | Found a glowing golden altar of the Shining One.
  7908 | D:5      | Found a snail-covered altar of Cheibriados.
  8110 | D:6      | Reached XP level 8. HP: 54/54 MP: 8/11
  8424 | D:6      | You fall into a shaft and drop 1 floor!
  8425 | D:7      | Noticed Dowan
  8591 | D:6      | Noticed Edmund
  9257 | D:6      | Reached skill level 5 in Fighting
  9680 | D:6      | Found Wimyen's General Store.
  9683 | D:6      | Bought a wand of paralysis (10) for 144 gold pieces
  9683 | D:6      | Bought a scroll of identify for 24 gold pieces
  9683 | D:6      | Bought a potion of curing for 36 gold pieces
 10241 | D:7      | Noticed Duvessa
 10439 | D:7      | Found Moziub's Jewellery Boutique.
 10472 | D:7      | Noticed Pikel
 10495 | D:7      | Killed Pikel
 10496 | D:7      | Reached skill level 5 in Dodging
 10496 | D:7      | Reached skill level 7 in Unarmed Combat
 10496 | D:7      | Reached XP level 9. HP: 18/62 MP: 12/12
 10895 | D:7      | Killed Dowan
 11091 | D:7      | Killed Duvessa
 11237 | D:7      | Found an iron altar of Okawaru.
 11237 | D:7      | Found a shimmering altar of Xom.
 11241 | D:7      | Became a worshipper of Warmaster Okawaru
 11730 | D:3      | Killed Inkie's ghost
 11731 | D:3      | Reached skill level 8 in Unarmed Combat
 12139 | D:8      | Noticed a troll
 12148 | D:8      | Reached skill level 1 in Invocations
 12160 | D:8      | Killed a troll
 12168 | D:8      | Learned a level 3 spell: Spider Form
 12510 | D:8      | Found an ancient bone altar of Kikubaaqudgha.
 12606 | D:8      | HP: 2/53 [wight/+4 flail (10)]
 12851 | D:8      | Noticed a two-headed ogre
 12978 | D:8      | Reached * piety under Okawaru
 13619 | D:8      | Killed a two-headed ogre
 13620 | D:8      | Reached skill level 5 in Transmutations
 13620 | D:8      | Reached XP level 10. HP: 46/68 MP: 13/16
 13741 | D:8      | Identified the +6 spear "Etepoq Venwu" {vorpal, *Drain
                  | rN+++ MP+9 Stlth-}
 13943 | D:8      | Found a glowing silver altar of Zin.
 14103 | D:8      | Noticed a two-headed ogre
 14113 | D:8      | Killed a two-headed ogre
 14113 | D:8      | Reached ** piety under Okawaru
 14114 | D:8      | Reached skill level 5 in Invocations
 14119 | D:8      | Learned a level 4 spell: Ice Form
 14606 | D:8      | Reached skill level 1 in Ice Magic
 15092 | D:8      | Found a staircase to the Lair.
 15854 | D:9      | Noticed a gargoyle
 16786 | D:2      | Noticed Natasha
 16792 | D:2      | Killed Natasha
 17007 | D:2      | Killed Crazy Yiuf
 17651 | D:9      | Killed from afar by a gargoyle

Illustrated notes

Levels and vault maps discovered:
D:1:      minmay_arrival_split_and_join, layout_basic, minmay_lizard_pond
D:2:      layout_basic, grunt_gozag_statues, uniq_natasha,
          uniq_crazy_yiuf_cottage
D:3:      layout_loops_corners, gammafunk_ghost_necromancy,
          cheibrodos_sewer_entry_sluice, due_unseen_surprise
D:4:      layout_loops_ring, elyvilon_altar_4
D:5:      layout_basic, lemuel_doored_altar, nicolae_overflow_hidden_temple,
          grunt_temple_overflow_open, minmay_temple_entry_statues_pillars
D:6:      layout_layer_cave, serial_shops, kennysheep_mini,
          minmay_misc_feat_tower, uniq_edmund
D:7:      layout_loops_ring, gammafunk_temple_overflow_wave, serial_shops, shop,
          uniq_pikel, uniq_duvessa
D:8:      layout_basic, lemuel_round_altar, kiku_gazebo_pond_becter,
          erik_lair_island
D:9:      layout_roguey, kennysheep_little_box, eino_house_with_fridge
Temple:   eino_wide_crystal_templ

Skill      XL: |  1  2  3  4  5  6  7  8  9 10 |
---------------+-------------------------------+-----
Stealth        | 2 3 4 |  4.0
Fighting       | 2 3 4 6 |  6.0
Unarmed Combat | 4 5 6 7 8 |  8.0
Evocations     | 3 4 |  4.0
Dodging        | 5 6 |  6.0
Invocations    | 4 6 |  6.0
Transmutations | 5 7 |  7.4
Spellcasting   | 4 |  4.0
Poison Magic   | 2 |  2.0
Ice Magic      | 2 |  2.0

Action                   |  1- 3 |  4- 6 |  7- 9 | 10-12 || total
-------------------------+-------+-------+-------+-------++-------
Melee: Unarmed           |    99 |   177 |   249 |   153 ||   678
       Constrict         |    26 |    38 |    40 |    18 ||   122
       Tentacles         |     8 |    28 |    38 |    19 ||    93
       Punch             |     4 |     3 |     9 |    14 ||    30
       Kick              |     9 |    23 |    53 |    37 ||   122
Throw: Javelin           |       |     7 |       |       ||     7
       Dart              |       |       |    29 |     9 ||    38
 Cast: Beastly Appendage |     8 |    17 |    31 |    14 ||    70
       Wereblood         |     2 |     4 |    10 |     4 ||    20
       Ice Form          |       |       |       |     6 ||     6
       Spider Form       |       |       |       |     1 ||     1
Invok: Heroism           |       |       |       |     1 ||     1
Evoke: Wand              |       |     1 |     8 |     1 ||    10
  Use: Scroll            |     3 |     7 |     4 |     5 ||    19
       Potion            |       |     1 |     2 |       ||     3
 Stab: Sleeping          |    15 |     8 |     7 |     1 ||    31
       Distracted        |       |     1 |       |       ||     1
Armor: Skin              |     4 |     9 |    40 |    10 ||    63
Dodge: Dodged            |    37 |   114 |   129 |    90 ||   370

Table legend: (Time is in decaauts)
 A = Elapsed time spent in this place.
 B = Non-inter-level travel time spent in this place.
 C = Inter-level travel time spent in this place.
 D = Time resting spent in this place.
 E = Time spent auto-exploring this place.
 F = Levels seen in this place.
 G = Mean time per level.
                   A        B        C        D        E       F      G
               +--------+--------+--------+--------+--------+-----+--------+
         Total |  17606 |  15835 |   1771 |   5178 |   8318 |  11 | 1600.5 |
       Dungeon |  17107 |  15345 |   1762 |   5062 |   8097 |   9 | 1900.8 |
        Temple |     54 |     45 |      9 |      0 |     44 |   1 |   54.0 |
         Sewer |    444 |    444 |      0 |    116 |    177 |   1 |  444.0 |
               +--------+--------+--------+--------+--------+-----+--------+

Top non-repeatable levels by time:
     D:8: 3230 daAuts
     D:7: 3057 daAuts
     D:2: 2509 daAuts
     D:6: 2240 daAuts
     D:3: 1940 daAuts
     D:1: 1435 daAuts
     D:5: 1268 daAuts
     D:4: 1259 daAuts
   Sewer: 444 daAuts
     D:9: 167 daAuts
  Temple: 54 daAuts
